AoeStats
← KuellerEgg

Nomad

509288002Analyzed
2v2 RM · 5d ago on Sep 26, 2026· 61m 46s· 4 players
Game mode
Random Map
Map size
176×176
Population
200
Speed
Normal
Resources
Standard
Victory
Conquest
Starting age
Dark Age
Ending age
Imperial Age
RankedLock teamsTeams togetherTeam positionsShared explorationLock speedFull tech treeHidden civsTurbo modeCheats
Victory
Defeat
🇺🇸 Italians · United States
1216
+13
🇺🇸 Huns · United States
1131
+17
🇩🇪 Persians · Germany
1144
-15
🇩🇪 Berbers · Germany
1144
-15
jogi
5:41 Loom
20:05 Feudal Age
21:35 Town Watch
22:13 Double-Bit Axe
22:37 Fletching
22:47 Padded Archer Armor
26:53 Scale Mail Armor
27:04 Forging
31:23 Castle Age
37:28 Bow Saw
37:04 Crossbowman
39:40 Bodkin Arrow
46:21 Wheelbarrow
45:30 Horse Collar
46:04 Elite Skirmisher
47:32 Kamandaran
48:11 Ballistics
51:22 Leather Archer Armor
54:57 Thumb Ring
KuellerEgg
8:22 Loom
13:12 Feudal Age
17:21 Castle Age
15:45 Fishing Lines
16:25 Double-Bit Axe
17:33 Gold Mining
17:45 Stone Mining
18:38 Bow Saw
19:14 Gillnets
20:05 Town Watch
21:04 Gold Shaft Mining
21:06 Stone Shaft Mining
22:02 Fletching
22:38 Bodkin Arrow
22:58 Thumb Ring
23:49 Padded Archer Armor
30:36 Forging
30:31 Scale Barding Armor
34:19 Imperial Age
32:59 Bloodlines
33:48 Iron Casting
33:19 Horse Collar
34:16 Kasbah
35:23 Conscription
35:19 Heavy Plow
35:22 Husbandry
35:21 Light Cavalry
36:40 Heavy Camel Rider
39:29 Wheelbarrow
39:53 Chain Barding Armor
41:08 Conscription
42:43 Bracer
44:59 Hoardings
46:07 Blast Furnace
46:22 Plate Barding Armor
47:32 Leather Archer Armor
49:44 Ballistics
50:26 Chemistry
49:33 Maghrebi Camels
49:51 Elite Camel Archer
53:10 Ring Archer Armor
53:01 Hussar
54:19 Crop Rotation
Maslive
14:42 Feudal Age
15:51 Loom
19:45 Castle Age
18:53 Double-Bit Axe
18:51 Horse Collar
19:37 Gold Mining
23:03 Bloodlines
22:54 Husbandry
25:03 Wheelbarrow
27:14 Medium Warships
29:51 Imperial Age
28:25 Hand Cart
30:40 Forging
30:35 Scale Barding Armor
31:13 Cavalier
35:31 Conscription
36:26 Iron Casting
47:23 Squires
46:44 Pikeman
53:51 Bow Saw
59:18 Scale Mail Armor
60:19 Blast Furnace
buzzkill
3:33 Loom
15:53 Feudal Age
19:07 Double-Bit Axe
24:49 Castle Age
22:42 Fletching
25:56 Bodkin Arrow
39:56 Imperial Age
39:20 Bow Saw
41:46 Bracer
42:53 Chemistry
42:57 Ballistics
Connection lost

Rejoining the realm…

Still unreachable

The connection could not be restored.

Session expired

The server has moved on; the page needs a fresh start.